 Dungeon Crawl Stone Soup version 0.20.0-15-g7f486f2 (webtiles) character file.

86 asdasd2 the Skirmisher (level 4, -2/41 HPs)
             Began as a Minotaur Fighter on June 12, 2017.
             Slain by Crazy Yiuf
             ... wielding a +4 quarterstaff of chaos
              (4 damage)
             ... while paralysed by Crazy Yiuf
             ... on level 2 of the Dungeon.
             The game lasted 00:01:30 (1044 turns).

asdasd2 the Skirmisher (Minotaur Fighter)           Turns: 1044, Time: 00:01:31

Health: -2/41      AC:  4    Str: 21    XL:     4   Next: 27%
Magic:  3/3        EV:  2    Int:  5    God:
Gold:   51         SH:  0    Dex:  8    Spells: 3/3 levels left

rFire    . . .     SeeInvis .   a - +0 war axe
rCold    . . .     Gourm    .   (no shield)
rNeg     . . .     Faith    .   b - +0 scale mail
rPois    .         Spirit   .   (helmet restricted)
rElec    .         Reflect  .   (no cloak)
rCorr    .         Harm     .   (no gloves)
MR       .....     Clarity  +   (no boots)
Stlth    ..........             (no amulet)
Regen    0.2/turn               (no ring)
MPRegen  0.1/turn               (no ring)

@: paralysed, lethally poisoned (-2 -> -7)
A: retaliatory headbutt, horns 2, clarity, clumsy 1, deformed body
a: no special abilities


You were on level 2 of the Dungeon.
You were hungry.

You visited 1 branch of the dungeon, and saw 2 of its levels.

You collected 51 gold pieces.

Inventory:

Hand Weapons
 a - a +0 war axe (weapon)
Armour
 b - a +0 scale mail (worn)
Scrolls
 h - a scroll of amnesia {unknown}
Potions
 d - a potion of might
 e - a potion of lignification {unknown}
Comestibles
 f - 2 bread rations
 g - 2 meat rations


   Skills:
 * Level 4.9 Fighting
 + Level 3.6 Axes
 + Level 4.3 Armour
 + Level 0.2 Dodging
   Level 3.6 Shields


You had 3 spell levels left.
You didn't know any spells.

Dungeon Overview and Level Annotations

Branches:
Dungeon (2/15)

Altars:

Annotations:
D:2 Crazy Yiuf


Innate Abilities, Weirdness & Mutations

You reflexively headbutt those who attack you in melee.
You have a pair of horns on your head.
You possess an exceptional clarity of mind.
You are clumsy. (Dex -2)
Armour fits poorly on your strangely shaped body.


Message History

Crazy Yiuf is moderately wounded.
You feel sick. Crazy Yiuf closely misses you.
You barely miss Crazy Yiuf.
Crazy Yiuf is moderately wounded.
You feel sick.
Crazy Yiuf hits you with a quarterstaff of chaos!
* * * LOW HITPOINT WARNING * * *
Crazy Yiuf closely misses you. You furiously retaliate!
You headbutt Crazy Yiuf, but do no damage.
It was a potion of mutation.
You feel extremely strange.
Your body twists and deforms.
You feel clumsy.
Your thoughts seem clearer.
You hit Crazy Yiuf. Your headbutt misses Crazy Yiuf.
Crazy Yiuf is heavily wounded.
You feel sick.
Crazy Yiuf hits you with a quarterstaff of chaos!
* * * LOW HITPOINT WARNING * * *
You suddenly lose the ability to move!
Crazy Yiuf laughs, "Flower leg broken!"
Crazy Yiuf hits you with a quarterstaff of chaos.
You die...

.....##...#############.#†.######
#)...####........................
#..>.........##########.##..#####
#....######### #.###.# #....# #.#
#.# .....## #.# #.# #.....###♣♣
#### #####.##### #####.....♣♣
♣♣#)))# #....†....
#......♣♣♣♣)@g).# #.........
##.....)♣))♣#)))# #.........
##...)♣)♣♣♣ #### #.........
###♣♣♣♣♣ #......... ##########


You could see Crazy Yiuf.

Vanquished Creatures
  3 adders (D:2)
  2 worms (D:2)
  A dart slug (D:1)
  2 leopard geckos
  5 bats
  2 giant cockroaches
  3 hobgoblins (D:1)
  4 jackals
  5 kobolds
  A quokka (D:2)
  2 frilled lizards
  9 goblins
  7 rats
46 creatures vanquished.

Notes
Turn   | Place    | Note
-------+----------+-------------------------------------------
     0 | D:1      | asdasd2 the Minotaur Fighter began the quest for the Orb.
     0 | D:1      | Reached XP level 1. HP: 19/19 MP: 0/0
    43 | D:1      | Reached XP level 2. HP: 19/27 MP: 1/1
   254 | D:1      | Reached XP level 3. HP: 32/34 MP: 2/2
   677 | D:2      | Reached XP level 4. HP: 37/41 MP: 3/3
   939 | D:2      | Found a runed door.
  1037 | D:2      | Noticed Crazy Yiuf
  1043 | D:2      | Gained mutation: Armour fits poorly on your strangely shaped body. [potion of mutation]
  1043 | D:2      | Gained mutation: You are clumsy. (Dex -2) [potion of mutation]
  1043 | D:2      | Gained mutation: You possess an exceptional clarity of mind. [potion of mutation]
  1044 | D:2      | HP: 2/41 [Crazy Yiuf/quarterstaff of chaos (9)]
  1044 | D:2      | Paralysed by Crazy Yiuf for 7 turns
  1044 | D:2      | Slain by Crazy Yiuf

Skill      XL: |  1  2  3 |
---------------+----------+-----
Fighting       | 4 |  4.9
Armour         | 4 |  4.3
Axes           | 3 |  3.6
Dodging        | |  0.2
Shields        | |  3.6

Action                   |  1- 3 |  4- 6 || total
-------------------------+-------+-------++-------
Melee: War axe           |    84 |    12 ||    96
       Headbutt          |     8 |     1 ||     9
  Use: Potion            |       |     1 ||     1
Armor: Scale mail        |    43 |     2 ||    45
Dodge: Dodged            |    61 |    13 ||    74
